AoeStats
← Teetrinker

Oasis

509943215Analyzed
2v2 RM · 3d ago on Sep 28, 2026· 51m 58s· 4 players
Game mode
Random Map
Map size
Medium (4 player)
Population
200
Speed
Normal
Resources
Standard
Victory
Conquest
Starting age
Dark Age
Ending age
Imperial Age
RankedLock teamsTeams togetherTeam positionsShared explorationLock speedFull tech treeHidden civsTurbo modeCheats
Victory
Defeat
🇦🇷 Persians · Argentina
1151
+15
🇫🇮 Danes · Finland
1140
+15
🇩🇪 Khmer · Germany
1137
-16
🇩🇪 Britons · Germany
1109
-14
Berni4778
10:38 Feudal Age
13:44 Castle Age
14:00 Bloodlines
18:31 Double-Bit Axe
18:41 Horse Collar
20:21 Bow Saw
20:21 Pikeman
23:18 Forging
22:57 Loom
24:26 Scale Mail Armor
25:25 Chain Mail Armor
29:01 Iron Casting
28:56 Husbandry
29:29 Scale Barding Armor
29:26 Arson
33:27 Imperial Age
33:47 Elite Battle Elephant
34:50 Chain Barding Armor
35:31 Blast Furnace
35:05 Halberdier
36:22 Plate Barding Armor
37:02 Wheelbarrow
37:05 Husbandry
40:28 Hand Cart
50:34 Fletching
Teetrinker
11:11 Feudal Age
14:53 Castle Age
13:11 Double-Bit Axe
16:49 Horse Collar
18:02 Heavy Plow
22:06 Wheelbarrow
23:39 Hand Cart
23:41 Bow Saw
24:06 Gold Mining
26:02 Gold Shaft Mining
26:19 Town Watch
26:19 Loom
29:15 Imperial Age
26:59 Fletching
27:09 Padded Archer Armor
27:42 Ballistics
27:39 Bodkin Arrow
27:53 Scale Mail Armor
27:47 Stone Mining
28:39 Leather Archer Armor
28:17 Crossbowman
29:58 Arbalester
30:41 Bracer
31:11 Ring Archer Armor
31:44 Chemistry
33:28 Two-Man Saw
32:45 Town Patrol
36:56 Conscription
42:30 Yeomen
44:11 Hoardings
44:40 Warwolf
45:51 Fortified Wall
45:37 Murder Holes
45:24 Treadmill Crane
45:55 Masonry
45:49 Cavalier
47:05 Husbandry
47:17 Forging
47:22 Chain Mail Armor
47:12 Scale Barding Armor
51:44 Iron Casting
51:32 Husbandry
Faceless
2:52 Loom
3:20 Loom
11:55 Feudal Age
16:47 Castle Age
14:36 Double-Bit Axe
15:27 Horse Collar
16:23 Wheelbarrow
26:31 Heavy Plow
27:36 Bow Saw
29:12 Hand Cart
32:51 Imperial Age
31:00 Ballistics
30:51 Masonry
30:04 Hamask
31:00 Fletching
31:11 Scale Mail Armor
31:57 Town Watch
32:26 Pikeman
33:08 Squires
32:53 Arson
33:05 Bodkin Arrow
33:25 Chain Mail Armor
33:21 Forging
33:12 Padded Archer Armor
33:40 Gambesons
34:30 Capped Ram
35:53 Conscription
36:49 Plate Mail Armor
36:55 Iron Casting
37:55 Siege Engineers
37:44 Elite Varangian Guard
38:19 Northmen's Fury
40:28 Northmen's Fury
41:32 Siege Ram
49:40 Padded Archer Armor
51:38 Caravan
elPreto
8:48 Loom
10:34 Feudal Age
14:51 Castle Age
12:51 Double-Bit Axe
16:22 Husbandry
23:46 Town Watch
25:02 Stone Mining
26:49 Bow Saw
28:17 Gold Mining
29:05 Stone Shaft Mining
28:37 Horse Collar
30:11 Wheelbarrow
30:41 Scale Barding Armor
30:46 Forging
30:54 Masonry
30:37 Fletching
32:25 Hand Cart
32:40 Chain Barding Armor
37:33 Imperial Age
35:38 Heavy Plow
36:17 Devotion
37:50 Iron Casting
37:11 Bodkin Arrow
37:15 Elite War Elephant
38:17 Conscription
39:04 Two-Man Saw
39:11 Two-Man Saw
38:45 Crop Rotation
39:23 Gold Shaft Mining
40:03 Faith
39:56 Kamandaran
41:07 Architecture
43:15 Chemistry
42:35 Ballistics
42:53 Plate Barding Armor
43:18 Blast Furnace
42:19 Padded Archer Armor
44:10 Hoardings
44:50 Crossbowman
45:35 Thumb Ring
47:06 Leather Archer Armor
47:35 Guilds
52:44 Ring Archer Armor
Connection lost

Rejoining the realm…

Still unreachable

The connection could not be restored.

Session expired

The server has moved on; the page needs a fresh start.